 Dungeon Crawl Stone Soup version 0.22.1-1-ga44c0e56f4 (webtiles) character file.

193 Morbidden the Ruffian (level 5, -2/33 HPs)
             Began as a Gargoyle Monk on Oct 4, 2018.
             Slain by a two-headed ogre
             ... wielding a +0 giant club
              (10 damage)
             ... on level 3 of the Dungeon.
             The game lasted 00:08:38 (2381 turns).

Morbidden the Ruffian (Gargoyle Monk)               Turns: 2381, Time: 00:08:38

Health: -2/33      AC: 13    Str: 14    XL:     5   Next: 72%
Magic:  5/5        EV:  7    Int: 11    God:
Gold:   141        SH:  3    Dex: 13    Spells: 4/4 levels left

rFire    + . .     SeeInvis .     - Unarmed
rCold    . . .     Gourm    .   (no shield)
rNeg     + . .     Faith    .   q - +0 chain mail
rPois    ∞         Spirit   .   o - +0 hat
rElec    +         Reflect  +   (no cloak)
rCorr    .         Harm     .   j - +0 pair of gloves
MR       .....                  (no boots)
Stlth    ..........             k - +3 amulet of reflection
HPRegen  0.11/turn              l - ring of protection from fire
MPRegen  0.09/turn              (no ring)

@: no status effects
A: negative energy resistance 1, electricity resistance, unbreathing,
petrification resistance, rot immunity, AC +4
a: no special abilities


You were on level 3 of the Dungeon.
You were very hungry.

You visited 1 branch of the dungeon, and saw 3 of its levels.

You collected 141 gold pieces.

Inventory:

Armour
 j - a +0 pair of gloves (worn)
 o - a +0 hat (worn)
 q - a +0 chain mail (worn)
Jewellery
 k - a +3 amulet of reflection (around neck)
 l - a ring of protection from fire (left hand)
Scrolls
 a - 2 scrolls of magic mapping {unknown}
 c - 7 scrolls of identify {unknown}
 d - 2 scrolls of enchant weapon {unknown}
 e - a scroll of teleportation {unknown}
 g - a scroll of remove curse {unknown}
 m - a scroll of fog {unknown}
Potions
 f - a potion of cancellation {unknown}
 h - a potion of degeneration {unknown}
 i - 2 potions of flight
 n - a potion of might {unknown}
Comestibles
 b - 5 rations


   Skills:
 + Level 3.7 Fighting
 + Level 1.3 Armour
 + Level 2.9 Dodging
 - Level 2.1 Stealth
 * Level 5.4 Unarmed Combat


You had 4 spell levels left.
You didn't know any spells.
Your spell library was empty.

Dungeon Overview and Level Annotations

Branches:
Dungeon (3/15)

Altars:

Portals:
Sewer: D:3


Innate Abilities, Weirdness & Mutations

You are resistant to torment.
Your stone body is resilient. (AC +4)
You are immune to poison.
You resist negative energy. (rN+)
You are resistant to electric shocks. (rElec)
You can survive without breathing.
You are immune to petrification.
You are immune to rotting.


Message History

You kill the goblin!
The bat completely misses you. The bat barely misses you.
The river rat closely misses you. The rat bites you but does no damage.
The bat barely misses you. The river rat closely misses you.
The rat bites you but does no damage.
You see here a rat corpse.
The bat hits you but does no damage. The bat hits you but does no damage.
You enter the shallow water.
Moving in this stuff is going to be slow.
The bat barely misses you. The bat hits you but does no damage.
You block the bat's attack.
The river rat twitches its whiskers.
The bat closely misses you. The bat hits you but does no damage. x2
The bat hits you but does no damage. You block the bat's attack.
There is a glowing drain here.
The bat hits you but does no damage. x3
The two-headed ogre hits you but does no damage.
The two-headed ogre hits you with a giant club!
You die...

#########
####.......#
#..........#
#..........#
#...≈≈≈....#.
#..≈r≈≈≈.....
##..≈b@b≈....♣
#...rO≈≈≈...♣♣
######....≈≈≈....♣
#....#†).........♣
####
♣.............P.
....
♣♣#.###....##.♣. #
♣.####........
.### ♣..# ###♣♣.
♣. .... ♣..### .
....


You could see a two-headed ogre, a river rat, 2 bats and a rat.

Vanquished Creatures
  Jessica (D:2)
  Natasha (D:2)
  A worker ant (D:3)
  3 adders
  3 worms (D:2)
  2 dart slugs (D:1)
  2 leopard geckos
  6 orcs (D:3)
  5 bats
  6 giant cockroaches
  8 hobgoblins
  4 jackals (D:2)
  5 kobolds
  A quokka (D:3)
  5 ball pythons
  7 frilled lizards (D:1)
  5 goblins
  8 rats
73 creatures vanquished.

Notes
Turn   | Place    | Note
-------+----------+-------------------------------------------
     0 | D:1      | Morbidden the Gargoyle Monk began the quest for the Orb.
     0 | D:1      | Reached XP level 1. HP: 14/14 MP: 1/1
   118 | D:1      | Reached XP level 2. HP: 18/19 MP: 2/2
   610 | D:1      | Reached XP level 3. HP: 19/23 MP: 3/3
  1331 | D:2      | Reached skill level 4 in Unarmed Combat
  1532 | D:2      | Noticed Jessica
  1543 | D:2      | Killed Jessica
  1543 | D:2      | Reached skill level 1 in Armour
  1543 | D:2      | Reached XP level 4. HP: 19/28 MP: 4/4
  1880 | D:2      | Noticed Natasha
  1902 | D:2      | Killed Natasha
  1902 | D:2      | Reached XP level 5. HP: 17/32 MP: 5/5
  1947 | D:2      | Reached skill level 5 in Unarmed Combat
  2275 | D:3      | Noticed a two-headed ogre
  2348 | D:3      | Found a glowing drain.
  2381 | D:3      | Slain by a two-headed ogre

Skill      XL: |  1  2  3  4  5 |
---------------+----------------+-----
Unarmed Combat | 4 5 |  5.4
Armour         | 1 |  1.3
Fighting       | |  3.7
Dodging        | |  2.9
Stealth        | |  2.1

Action                   |  1- 3 |  4- 6 || total
-------------------------+-------+-------++-------
Melee: Unarmed           |   142 |   181 ||   323
       Punch             |     1 |     1 ||     2
  Use: Potion            |       |     2 ||     2
 Stab: Sleeping          |     1 |     1 ||     2
  Eat: Chunk             |     2 |     2 ||     4
Armor: Robe              |     5 |    52 ||    57
       Ring mail         |    34 |       ||    34
       Chain mail        |       |   104 ||   104
Dodge: Dodged            |    69 |   170 ||   239
Block: Other             |     3 |    37 ||    40
       Reflection        |       |     1 ||     1
